[Event "Titled Tuesday Blitz March 21 Early 2023"]
[White "Khandelwal, Ankush"]
[Black "Martinez Reyes, Pedro Ramon"]
[WhiteFideId "413470"]
[BlackFideId "3901807"]
[WhiteElo "2263"]
[BlackElo "2340"]
[Result "0-1"]
[Round "03"]
[TimeControl "180+2"]
[Date "2023.03.21"]
[WhiteClock "0:01:23"]
[BlackClock "0:02:05"]

1. e4 c6 2. d4 d5 3. e5 Bf5 4. Nf3 e6 5. Be2 Nd7 6. O-O Ne7 7. Nbd2 Bg4 8. h3 Bxf3 9. Nxf3 Nf5 10. c4 dxc4 11. Bxc4 Nb6 12. Bb3 Be7 13. a4 a5 14. Be3 Nd5 15. Qd3 O-O 16. Rad1 Qb6 17. Bc4 Rfd8 18. b3 h6 19. Qe4 Nc3 20. Qg4 Nxd1 21. Rxd1 Qb4 22. Bd2 Qa3 23. Bc1 Qa2 24. Bxe6 fxe6 25. Bxh6 Qxb3 26. Re1 Nxh6 27. Qh5 Rf8 0-1


[Site "https://www.chess.com"]

[Event "Titled Tuesday Blitz March 21 Early 2023"]
[White "De Silva, L M S T"]
[Black "Aarav Dengla"]
[WhiteFideId "9953698"]
[BlackFideId "45059756"]
[WhiteElo "2403"]
[BlackElo "2285"]
[Result "1-0"]
[Round "03"]
[TimeControl "180+2"]
[Date "2023.03.21"]
[WhiteClock "0:02:04"]
[BlackClock "0:00:18"]

1. e4 c5 2. Nf3 d6 3. Bb5+ Nd7 4. Ba4 Nf6 5. O-O e6 6. Re1 Be7 7. c3 a6 8. d4 b5 9. Bb3 Bb7 10. Nbd2 O-O 11. e5 dxe5 12. dxe5 Nd5 13. Ne4 c4 14. Bc2 Nc5 15. Nxc5 Bxc5 16. Bxh7+ Kxh7 17. Ng5+ Kg6 18. Qc2+ f5 19. exf6+ Kh5 20. Qh7+ 1-0


[Site "https://www.chess.com"]

[Event "Titled Tuesday Blitz March 21 Early 2023"]
[White "Gonzalez, Francisco Silva"]
[Black "Lewtak, Damian"]
[WhiteFideId "1512285"]
[BlackFideId "1141724"]
[WhiteElo "2074"]
[BlackElo "2302"]
[Result "0-1"]
[Round "03"]
[TimeControl "180+2"]
[Date "2023.03.21"]
[WhiteClock "0:00:18"]
[BlackClock "0:00:08"]

1. d4 d6 2. e4 e5 3. d5 f5 4. exf5 Bxf5 5. c4 Nd7 6. Nc3 Ngf6 7. Nge2 Bg6 8. Ng3 a5 9. Bd3 Bxd3 10. Qxd3 Nc5 11. Qc2 Be7 12. h3 Qd7 13. O-O O-O 14. Be3 b6 15. f4 exf4 16. Bxf4 Rae8 17. Rae1 Bd8 18. b3 Rxe1 19. Rxe1 Re8 20. Re2 Rxe2 21. Qxe2 Qe7 22. Qc2 g6 23. Qd2 Nfd7 24. Bh6 Qf6 25. Nce4 Qe5 26. Qe3 Bh4 27. Nxc5 bxc5 28. Qxe5 Nxe5 29. Ne4 Kf7 30. Kf1 Be7 31. Ke2 c6 32. Bf4 cxd5 33. cxd5 Nd7 34. Bxd6 Nb6 35. Bxe7 Kxe7 36. d6+ Ke6 37. Nxc5+ Kxd6 38. Nb7+ Ke5 39. Nxa5 Kd4 40. Kd2 Nd5 41. g3 h5 42. h4 Ne7 43. Nc6+ Nxc6 44. a3 Ne7 45. Ke2 Nf5 46. Kf2 Ke4 47. a4 Nd4 48. b4 Nc6 49. b5 Na5 50. b6 Nb7 51. Ke2 Na5 52. Kf2 Kd4 53. Kf3 Ke5 54. g4 Nb7 55. Kg3 Ke4 56. gxh5 gxh5 57. Kg2 Kf4 58. Kh2 Kg4 59. Kg2 Kxh4 60. Kh2 Kg4 61. Kg2 h4 62. Kh2 h3 63. Kh1 Kg3 64. Kg1 Na5 65. Kh1 Nb7 66. Kg1 Nc5 67. a5 h2+ 68. Kf1 h1=Q+ 69. Ke2 Qb7 70. a6 Nxa6 71. Kf1 Qxb6 72. Ke1 Qf2+ 73. Kd1 Kf3 0-1


[Site "https://www.chess.com"]

[Event "Titled Tuesday Blitz March 21 Early 2023"]
[White "Gulkov, Igor A."]
[Black "Chernobay, Artem"]
[WhiteFideId "4120973"]
[BlackFideId "4167406"]
[WhiteElo "2343"]
[BlackElo "2474"]
[Result "0-1"]
[Round "03"]
[TimeControl "180+2"]
[Date "2023.03.21"]
[WhiteClock "0:00:07"]
[BlackClock "0:00:10"]

1. Nf3 f5 2. d4 Nf6 3. g3 g6 4. Bg2 Bg7 5. O-O O-O 6. c4 d6 7. Nc3 Nc6 8. d5 Ne5 9. Qb3 Kh8 10. Rd1 a6 11. Be3 h6 12. Rac1 Qe8 13. Bd4 Nfd7 14. e3 c5 15. dxc6 bxc6 16. Ne2 Rb8 17. Qa3 g5 18. b3 Qh5 19. Bxe5 Nxe5 20. Nxe5 Bxe5 21. Nd4 Bb7 22. Nxc6 Bxc6 23. Bxc6 f4 24. exf4 gxf4 25. Rd2 Qh3 26. Bg2 Qg4 27. f3 Qg5 28. g4 h5 29. h3 Qf6 30. Rcd1 Bc3 31. Re2 hxg4 32. hxg4 Bd4+ 33. Kf1 e5 34. b4 Kg7 35. Qd3 Rh8 36. a3 Rh2 37. Qf5 Qxf5 38. gxf5 Kf6 39. Rxd4 exd4 40. Re6+ Kxf5 41. Rxd6 Rg8 42. Rd5+ Ke6 0-1


[Site "https://www.chess.com"]

[Event "Titled Tuesday Blitz March 21 Early 2023"]
[White "Itgelt, Khuyagtsogt"]
[Black "Baches Garcia, Guillermo"]
[WhiteFideId "4902912"]
[BlackFideId "2209764"]
[WhiteElo "2227"]
[BlackElo "2462"]
[Result "1-0"]
[Round "03"]
[TimeControl "180+2"]
[Date "2023.03.21"]
[WhiteClock "0:00:05"]
[BlackClock "0:00:01"]

1. d4 Nf6 2. Nf3 e6 3. c4 Bb4+ 4. Bd2 Bxd2+ 5. Nbxd2 d5 6. g3 O-O 7. Bg2 Qe7 8. O-O Rd8 9. Qc2 c6 10. Rad1 Nbd7 11. Rfe1 e5 12. e4 dxe4 13. Nxe4 exd4 14. Rxd4 Qf8 15. Red1 Nxe4 16. Qxe4 Re8 17. Qf4 Nc5 18. Qd2 a5 19. b3 Be6 20. Ng5 Bf5 21. h3 h6 22. Nf3 Be4 23. Kh2 Qe7 24. Qc3 Qf6 25. Qc1 g5 26. Rd6 Qg7 27. Qa3 Ne6 28. Nd4 Nxd4 29. R6xd4 Bxg2 30. Kxg2 Qf6 31. Qd6 Re6 32. Qc7 Re7 33. Rd8+ Rxd8 34. Qxd8+ Kg7 35. Qd2 Qe6 36. Qd4+ Qe5 37. Qxe5+ Rxe5 38. Kf3 a4 39. Rd7 axb3 40. axb3 b5 41. cxb5 Rxb5 42. Rd3 Rb4 43. Ke2 Kf8 44. Rc3 Ke7 45. Rxc6 Rxb3 46. Rxh6 Ra3 47. Rb6 f6 48. Kf1 Kf7 49. Kg2 Kg6 50. Rb5 Rc3 51. Rb2 Ra3 52. Re2 Rc3 53. Re3 Rc2 54. Kf3 Rc4 55. Kg2 Ra4 56. Rf3 Rd4 57. g4 Rc4 58. Kg3 Rb4 59. h4 gxh4+ 60. Kxh4 Rb1 61. Kg3 Rg1+ 62. Kf4 Ra1 63. Re3 Ra4+ 64. Re4 Ra2 65. f3 Ra6 66. Rb4 Rc6 67. Ra4 Rb6 68. Ke4 Re6+ 69. Kf4 Rb6 70. Kg3 Rc6 71. Ra3 Rc4 72. f4 Rb4 73. Kf3 Rc4 74. Re3 Rb4 75. Re8 Rb3+ 76. Re3 Rb4 77. Ra3 Rc4 78. Kg3 Rc1 79. Ra2 Rc3+ 80. Kh4 Rc4 81. f5+ Kg7 82. Kh5 Rd4 83. Ra7+ Kg8 84. g5 fxg5 85. Kg6 Kf8 86. f6 Ke8 87. f7+ Kf8 88. Ra8+ 1-0


[Site "https://www.chess.com"]

[Event "Titled Tuesday Blitz March 21 Early 2023"]
[White "Sreyas Payyappat"]
[Black "Aggelis, Nikolaos"]
[WhiteFideId "46674969"]
[BlackFideId "4213220"]
[WhiteElo "2083"]
[BlackElo "2189"]
[Result "1-0"]
[Round "03"]
[TimeControl "180+2"]
[Date "2023.03.21"]
[WhiteClock "0:00:25"]
[BlackClock "0:00:06"]

1. e4 c6 2. d4 d5 3. Nc3 dxe4 4. Nxe4 Nf6 5. Nxf6+ exf6 6. Bc4 Bd6 7. Qe2+ Qe7 8. Qxe7+ Bxe7 9. Ne2 Be6 10. Bxe6 fxe6 11. Bf4 Nd7 12. O-O-O Kf7 13. Rhe1 Nb6 14. Bg3 g5 15. f4 h6 16. fxg5 hxg5 17. Nc3 Nd5 18. Ne4 Rad8 19. Re2 f5 20. Rf1 Rh6 21. Be5 Kg8 22. Nc5 Bxc5 23. dxc5 Kf7 24. h3 Rh4 25. Bd6 Nf6 26. Re3 Re4 27. Rb3 Rd7 28. g4 f4 29. h4 Nxg4 30. hxg5 e5 31. Rh3 Kg6 32. Rg1 Kxg5 33. Rh8 Rg7 34. Re8 Kf5 35. Rf8+ Ke6 36. Re8+ Kd5 37. b3 f3 38. c3 b5 39. Rd1+ Rd4 40. cxd4 exd4 41. Rf8 f2 42. Rf4 Ne3 43. Rdxd4+ Ke6 44. Rde4+ Kd5 45. Rxe3 Rg1+ 46. Kd2 f1=Q 47. Rxf1 Rxf1 48. Re5+ Kd4 49. Re2 Rb1 50. Kc2 Rf1 51. Rd2+ Ke4 52. Re2+ Kd4 53. Re7 a5 54. Ra7 Rf2+ 55. Kb1 Kc3 56. Be5+ Kb4 57. Bd4 Rd2 58. Be3 Re2 59. Bc1 a4 60. bxa4 bxa4 61. a3+ Kb3 62. Rb7+ Kc4 63. Rb4+ Kxc5 64. Rxa4 Kb5 65. Rb4+ Ka5 66. Bb2 c5 67. Rc4 Kb5 68. Rc3 c4 69. Ka2 Rg2 70. Rc1 Rg4 71. Ka1 Rg2 72. Bc3 Ka4 73. Bb4 Kb3 74. Rc3+ Ka4 75. Rxc4 Kb3 76. Rc3+ Ka4 77. Kb1 Re2 78. Rc1 Kb3 79. Rc3+ Ka4 80. Kc1 Ra2 81. Rc5 Kb3 82. Kd1 Rg2 83. Ke1 Ra2 84. Ra5 Kc4 85. Bd2 Rb2 86. a4 Ra2 87. Ra8 Kc5 88. a5 Kc6 89. a6 Kb6 90. Be3+ Kc7 91. a7 Ra3 92. Kf2 Ra6 93. Re8 Kb7 94. Rb8+ Kc7 95. a8=Q Rxa8 96. Rxa8 1-0


[Site "https://www.chess.com"]

[Event "Titled Tuesday Blitz March 21 Early 2023"]
[White "Zamorano, Jorge"]
[Black "Bilan, Danila"]
[WhiteFideId "173770"]
[BlackFideId "24161918"]
[WhiteElo "2331"]
[BlackElo "2182"]
[Result "1-0"]
[Round "03"]
[TimeControl "180+2"]
[Date "2023.03.21"]
[WhiteClock "0:00:08"]
[BlackClock "0:00:08"]

1. e4 c6 2. Nf3 d5 3. Nc3 Bg4 4. Be2 e6 5. d4 Nf6 6. e5 Nfd7 7. Ng5 Bf5 8. Bd3 Bg6 9. Qf3 Qe7 10. Be3 Na6 11. O-O Bxd3 12. cxd3 h6 13. Nh3 g5 14. Qh5 Bg7 15. f4 gxf4 16. Rxf4 Rf8 17. Raf1 Nb4 18. Rg4 Bh8 19. Bxh6 O-O-O 20. Bxf8 Rxf8 21. Nf4 c5 22. Nb5 cxd4 23. Rc1+ Kb8 24. Nxd4 Bxe5 25. Nde2 Rh8 26. Qxh8+ Bxh8 27. Rg8+ Nf8 28. Rxh8 Nc6 29. d4 Kc7 30. h4 Qf6 31. Rxf8 Kd7 32. Rf1 Nxd4 33. Nxd4 Qe5 34. Rxf7+ Kd6 35. Nde2 Qxb2 36. h5 Qxa2 37. h6 Qb2 38. h7 Qb6+ 39. Rf2 Qb2 40. Rf8 Qa1+ 41. Rf1 Qd4+ 1-0


[Site "https://www.chess.com"]

[Event "Titled Tuesday Blitz March 21 Early 2023"]
[White "Castellanos Gomez, Alejandro"]
[Black "Papasimakopoulos, Alexandros"]
[WhiteFideId "22284141"]
[BlackFideId "4244125"]
[WhiteElo "2158"]
[BlackElo "2359"]
[Result "1/2-1/2"]
[Round "03"]
[TimeControl "180+2"]
[Date "2023.03.21"]
[WhiteClock "0:00:04"]
[BlackClock "0:00:02"]

1. d4 e6 2. Bf4 c5 3. e3 Qb6 4. b3 Nf6 5. c3 d5 6. Nf3 Bd7 7. Bd3 cxd4 8. exd4 Bb5 9. c4 Bb4+ 10. Kf1 dxc4 11. bxc4 Bc6 12. c5 Qd8 13. Nbd2 Ba5 14. Nc4 O-O 15. Bd6 Re8 16. Nfe5 Nbd7 17. Nxc6 bxc6 18. Qa4 Bc3 19. Rd1 Nd5 20. Be4 Rc8 21. g3 Qf6 22. Bxd5 exd5 23. Ne5 Nxe5 24. Bxe5 Qf3 25. Kg1 f6 26. Qc2 fxe5 27. Rd3 Qf5 28. Rxc3 Qxc2 29. Rxc2 exd4 30. Kg2 d3 31. Rd2 Re2 32. Rhd1 Rf8 33. Rxe2 dxe2 34. Re1 Re8 35. Kf3 Re4 36. Rxe2 Rc4 37. Re8+ Kf7 38. Ra8 Rxc5 39. Rxa7+ Kf6 40. Kg4 Rc2 41. h4 Rxf2 42. Rc7 Rc2 43. a4 d4 44. Kf3 h5 45. Ke4 c5 46. Rc6+ Ke7 47. a5 Kd7 48. Rg6 Rc3 49. Rxg7+ Kc6 50. Rg6+ Kb5 51. a6 Ra3 52. Rg5 Kxa6 53. Rxc5 Rxg3 54. Rxh5 d3 55. Rh6+ Kb5 56. h5 Kc4 57. Rc6+ Kb3 58. Rd6 Kc2 59. Rc6+ Kd1 60. Kf4 Rh3 61. Kg4 Rh2 62. Rd6 d2 63. h6 Ke1 64. Kg5 Rg2+ 65. Kf5 Rh2 66. Rxd2 Kxd2 67. Kg6 Rg2+ 68. Kf7 Rf2+ 69. Kg7 Rh2 70. h7 Ke3 71. h8=Q Rxh8 72. Kxh8 1/2-1/2


[Site "https://www.chess.com"]

[Event "Titled Tuesday Blitz March 21 Early 2023"]
[White "Yosha_Iglesias"]
[Black "Baskin, Robert"]
[BlackFideId "24662402"]
[WhiteElo "2455"]
[BlackElo "2488"]
[Result "1-0"]
[Round "03"]
[TimeControl "180+2"]
[Date "2023.03.21"]
[WhiteClock "0:00:10"]
[BlackClock "0:00:14"]

1. d4 d5 2. Nf3 Nf6 3. e3 Bf5 4. c4 c6 5. cxd5 cxd5 6. Nc3 Nc6 7. Ne5 Nd7 8. Nxd5 Ndxe5 9. dxe5 e6 10. Nc3 Qxd1+ 11. Nxd1 Nxe5 12. Bb5+ Nc6 13. Nc3 Bb4 14. f3 O-O 15. Bxc6 bxc6 16. e4 Bg6 17. Bd2 Rfd8 18. O-O-O f6 19. Na4 Be7 20. Be3 e5 21. Bc5 Kf7 22. Bxe7 Kxe7 23. Rxd8 Rxd8 24. Rd1 Rb8 25. b3 Bf7 26. Kb2 g5 27. Kc3 h5 28. Nc5 Rb5 29. b4 a5 30. a3 Be8 31. g3 g4 32. f4 exf4 33. gxf4 axb4+ 34. axb4 Rb8 35. Ra1 Bf7 36. Ra7+ Ke8 37. Nd7 Rd8 38. Nxf6+ Kf8 39. e5 Bg6 40. e6 Rd3+ 41. Kc4 Re3 42. f5 Be8 43. Ra8 Ke7 44. Nxe8 h4 45. Nc7 Kd6 46. Na6 g3 47. hxg3 hxg3 48. Rg8 Re5 49. Nc5 Re3 50. Rxg3 Rxg3 51. Ne4+ Ke5 52. Nxg3 1-0


[Site "https://www.chess.com"]

[Event "Titled Tuesday Blitz March 21 Early 2023"]
[White "Yeritsyan, Hayk"]
[Black "Cuenca Jimenez, Jose Fernando"]
[WhiteFideId "13307320"]
[BlackFideId "2255570"]
[WhiteElo "2435"]
[BlackElo "2429"]
[Result "1-0"]
[Round "03"]
[TimeControl "180+2"]
[Date "2023.03.21"]
[WhiteClock "0:00:48"]
[BlackClock "0:00:03"]

1. d4 Nf6 2. c4 g6 3. Nc3 Bg7 4. e4 d6 5. Be2 O-O 6. Be3 Nc6 7. d5 Ne5 8. h3 c6 9. f4 Ned7 10. Nf3 cxd5 11. cxd5 Nc5 12. e5 Nfd7 13. O-O a5 14. Rc1 b6 15. Bb5 dxe5 16. Bxc5 Nxc5 17. fxe5 Bh6 18. Rc2 Bf5 19. Re2 Rc8 20. Nd4 Bd7 21. a4 Bxb5 22. axb5 Qd7 23. Nc6 e6 24. d6 Bg7 25. Ne7+ Kh8 26. Nxc8 Rxc8 27. Ne4 Bxe5 28. Nxc5 Rxc5 29. Rxe5 Rxe5 30. Qd4 f6 31. Rxf6 Rd5 32. Rf8# 1-0


[Site "https://www.chess.com"]

[Event "Titled Tuesday Blitz March 21 Early 2023"]
[White "Alvarez Calzadilla, Jose Avelino"]
[Black "Tarasova, Viktoriya"]
[WhiteFideId "3526151"]
[BlackFideId "4175840"]
[WhiteElo "2310"]
[BlackElo "2182"]
[Result "1/2-1/2"]
[Round "03"]
[TimeControl "180+2"]
[Date "2023.03.21"]
[WhiteClock "0:00:25"]
[BlackClock "0:00:31"]

1. d4 Nf6 2. Nf3 e6 3. Bg5 d5 4. Nbd2 h6 5. Bh4 Be7 6. e3 b6 7. Bd3 Bb7 8. O-O c5 9. c3 O-O 10. Ne5 Nbd7 11. f4 Ne4 12. Bxe7 Qxe7 13. Nxd7 Qxd7 14. Nxe4 dxe4 15. Be2 cxd4 16. cxd4 Rac8 17. Qb3 Bd5 18. Qa3 Rc2 19. Rf2 Rfc8 20. Ba6 R8c7 21. Raf1 f5 22. Rxc2 Rxc2 23. Rf2 Qc7 24. Rxc2 Qxc2 25. h3 Qb1+ 26. Kf2 Qxa2 27. Qxa2 Bxa2 28. g4 g6 29. Kg3 Kg7 30. Kh4 Bd5 31. g5 h5 32. Kg3 Kf7 33. h4 Ke7 34. Bb5 Bb7 35. Kf2 a6 36. Ba4 Bd5 37. Ke1 b5 38. Bd1 Kd6 39. Kd2 Kc6 40. b4 Kd6 41. Kc3 Ke7 42. Be2 Bc6 43. Bd1 Bd5 44. Bc2 Kf7 45. Bd1 Ke7 1/2-1/2


[Site "https://www.chess.com"]

[Event "Titled Tuesday Blitz March 21 Early 2023"]
[White "Domingo Nunez, Ruben"]
[Black "Jakubowska, Anna"]
[WhiteFideId "22245570"]
[BlackFideId "1121952"]
[WhiteElo "2404"]
[BlackElo "2001"]
[Result "1-0"]
[Round "03"]
[TimeControl "180+2"]
[Date "2023.03.21"]
[WhiteClock "0:00:12"]
[BlackClock "0:00:15"]

1. b3 e5 2. Bb2 Nc6 3. e3 f5 4. Bb5 d6 5. d4 exd4 6. exd4 Bd7 7. d5 Ne5 8. Qe2 Qe7 9. Nc3 Bxb5 10. Qxb5+ c6 11. Qe2 Nf6 12. O-O-O g6 13. Nh3 O-O-O 14. Kb1 Neg4 15. Qd3 Bh6 16. Rhe1 Qc7 17. Re6 Rhe8 18. Rde1 Ne5 19. Qd4 Rxe6 20. dxe6 Bg7 21. Qxa7 Re8 22. Na4 Qb8 23. Nb6+ Kc7 24. Qa5 Qd8 25. e7 Rxe7 26. Nd5+ Kc8 27. Qxd8+ Kxd8 28. Nxe7 Kxe7 29. f4 Ne4 30. fxe5 dxe5 31. Bc1 Kd6 32. Be3 h6 33. c4 Nf6 34. Kc2 Ng4 35. Rd1+ Kc7 36. Bg1 g5 37. Re1 e4 38. Nf2 Nf6 39. g4 1-0


[Site "https://www.chess.com"]

[Event "Titled Tuesday Blitz March 21 Early 2023"]
[White "Fernandez Garcia, Gumersindo"]
[Black "polandchessplayer"]
[WhiteFideId "24516740"]
[WhiteElo "2093"]
[BlackElo "2646"]
[Result "0-1"]
[Round "03"]
[TimeControl "180+2"]
[Date "2023.03.21"]
[WhiteClock "0:00:13"]
[BlackClock "0:00:14"]

1. d4 Nf6 2. c4 e6 3. Nf3 d5 4. g3 Be7 5. Bg2 O-O 6. Qc2 c6 7. Nbd2 b6 8. O-O a5 9. cxd5 cxd5 10. Ne5 Bb7 11. b3 Nfd7 12. Ndf3 Nxe5 13. Nxe5 Bd6 14. Bb2 Nd7 15. Rac1 Rc8 16. Qd3 Nxe5 17. dxe5 Bc5 18. Rfd1 Qe7 19. e3 Rfd8 20. Bd4 Rc7 21. Bf1 Rdc8 22. Qb1 Bxd4 23. exd4 Qb4 24. Rxc7 Rxc7 25. Bd3 g6 26. h4 h5 27. Bxg6 fxg6 28. Qxg6+ Rg7 29. Qe8+ Qf8 30. Qxe6+ Qf7 31. Qh3 Rg6 32. Rc1 Rg4 33. Qg2 Rxd4 34. f4 Re4 35. Qc2 d4 36. Qc7 Qxc7 37. Rxc7 Bd5 38. Rd7 Be6 39. Rd6 Bg4 40. Rxb6 d3 41. Rd6 Re1+ 42. Kf2 Re2+ 43. Kf1 d2 44. e6 Re1+ 45. Kf2 d1=Q 0-1


[Site "https://www.chess.com"]

[Event "Titled Tuesday Blitz March 21 Early 2023"]
[White "Harriott, Tyrell"]
[Black "Al-Tarboush, Ward"]
[WhiteFideId "2086484"]
[BlackFideId "7601450"]
[WhiteElo "2107"]
[BlackElo "2257"]
[Result "1-0"]
[Round "03"]
[TimeControl "180+2"]
[Date "2023.03.21"]
[WhiteClock "0:00:23"]
[BlackClock "0:00:56"]

1. d4 d5 2. e3 Nf6 3. Bd3 c5 4. c3 Nc6 5. f4 e6 6. Nf3 Bd6 7. O-O Ne4 8. Ne5 cxd4 9. exd4 O-O 10. Nd2 f5 11. g4 Nxe5 12. fxe5 Bc7 13. gxf5 exf5 14. Nf3 Be6 15. Qe2 Kh8 16. Kh1 Qe7 17. Rg1 Rg8 18. Ng5 Nxg5 19. Rxg5 h6 20. Rg6 Qe8 21. Qh5 Qf7 22. Bxh6 gxh6 23. Rxh6+ Kg7 24. Rh7+ Kf8 25. Rxf7+ Bxf7 26. Qxf5 Ke8 27. Rf1 Rg7 28. Bb5+ Kf8 29. e6 a6 30. Be2 Re8 31. exf7 Rd8 32. Bh5 Rd6 33. Qc8+ Bd8 34. Qxb7 Rh7 35. Qb4 Be7 36. Qb8+ Rd8 37. Qe5 Rd6 38. Qxe7+ 1-0


[Site "https://www.chess.com"]

[Event "Titled Tuesday Blitz March 21 Early 2023"]
[White "Krzywda, Andrzej"]
[Black "Amilal Munkhdalai"]
[WhiteFideId "1114565"]
[BlackFideId "4903250"]
[WhiteElo "2155"]
[BlackElo "2293"]
[Result "0-1"]
[Round "03"]
[TimeControl "180+2"]
[Date "2023.03.21"]
[WhiteClock "0:00:06"]
[BlackClock "0:00:31"]

1. e4 c5 2. Nf3 Nc6 3. d4 cxd4 4. Nxd4 Qc7 5. Nc3 e6 6. Nxc6 bxc6 7. Bd3 a6 8. O-O d5 9. Re1 Bb7 10. Qf3 Bd6 11. h3 Ne7 12. Qh5 d4 13. Na4 Ng6 14. Bd2 c5 15. b3 O-O 16. Nb2 Bf4 17. Rad1 Bxd2 18. Rxd2 e5 19. g3 a5 20. a4 Kh8 21. h4 f6 22. Qg4 Ne7 23. h5 Qc6 24. Qh4 Ng8 25. Bb5 Qc7 26. Bc4 Ne7 27. Be6 Ra6 28. Qh3 Qc6 29. Bf5 Nxf5 30. Qxf5 Bc8 31. Qf3 Be6 32. Nd3 Raa8 33. Qe2 c4 34. Nc1 c3 35. Rd3 Rae8 36. Qf1 f5 37. f3 fxe4 38. Rxe4 Bd5 39. Qe2 Bxe4 40. Qxe4 Qxe4 41. fxe4 Rf6 42. Ne2 Ref8 43. Nxd4 exd4 44. Rxd4 Rf1+ 45. Kg2 R1f2+ 46. Kh3 Rxc2 47. e5 Rc8 48. e6 Rd2 49. Re4 Rdd8 50. e7 Re8 0-1


[Site "https://www.chess.com"]

[Event "Titled Tuesday Blitz March 21 Early 2023"]
[White "Klepikov, Nikita"]
[Black "Mhango, Banele"]
[WhiteFideId "24145220"]
[BlackFideId "14327040"]
[WhiteElo "2025"]
[BlackElo "2204"]
[Result "1-0"]
[Round "03"]
[TimeControl "180+2"]
[Date "2023.03.21"]
[WhiteClock "0:00:04"]
[BlackClock "0:01:15"]

1. e4 c5 2. Nf3 d6 3. d4 cxd4 4. Nxd4 Nf6 5. Nc3 a6 6. Bc4 e6 7. Bb3 Nbd7 8. f4 Nc5 9. Qf3 Qc7 10. f5 b5 11. fxe6 fxe6 12. Bg5 Nxb3 13. axb3 b4 14. Ncb5 Qb7 15. Bxf6 axb5 16. Rxa8 Qxa8 17. Qh5+ g6 18. Qxb5+ Bd7 19. Qb6 Rg8 20. O-O Be7 21. Bxe7 Kxe7 22. Qxb4 Qa7 23. Kh1 Rb8 24. Qc3 Qa6 25. Re1 e5 26. Nf3 Rc8 27. Qd2 Qc6 28. Qg5+ Kf7 29. c4 Kg8 30. Qe7 Re8 31. Qf6 Re6 32. Qd8+ Re8 33. Qf6 Qb6 34. Ng5 Rf8 35. Qe7 Rf2 36. Qxh7+ Kf8 37. Qxd7 Kg8 38. Qh7+ Kf8 39. Qd7 Kg8 40. Ne6 Rf7 41. Qe8+ 1-0


[Site "https://www.chess.com"]

[Event "Titled Tuesday Blitz March 21 Early 2023"]
[White "Real_taiatai"]
[Black "Skliarov, Viktor"]
[BlackFideId "14106736"]
[WhiteElo "2367"]
[BlackElo "2289"]
[Result "0-1"]
[Round "03"]
[TimeControl "180+2"]
[Date "2023.03.21"]
[WhiteClock "0:00:19"]
[BlackClock "0:00:08"]

1. d4 Nf6 2. c4 e6 3. g3 c5 4. Nf3 cxd4 5. Nxd4 Nc6 6. Nc3 Qb6 7. Ndb5 Bc5 8. Nd6+ Ke7 9. Nxc8+ Raxc8 10. e3 h5 11. h4 Ne5 12. Be2 Qc6 13. O-O Bb4 14. Nb5 Bc5 15. a3 a6 16. b4 Bb6 17. Bb2 Nxc4 18. Bxc4 axb5 19. Be2 Qc2 20. Be5 Qxd1 21. Rfxd1 d5 22. Bxb5 Rhg8 23. Rac1 Ng4 24. Bd4 Bxd4 25. exd4 b6 26. Kf1 Kd6 27. Ke2 Nf6 28. Kd3 Ne4 29. Ke3 g5 30. hxg5 Nxg5 31. a4 Ne4 32. a5 bxa5 33. bxa5 Ra8 34. Rc6+ Ke7 35. Rc7+ Kf6 36. a6 h4 37. gxh4 Rh8 38. f3 Ng3 39. Rg1 Nf5+ 40. Kf2 Rxh4 41. Be8 Rxd4 42. Rxf7+ Ke5 43. f4+ Rxf4+ 44. Ke2 Rxa6 45. Bb5 Ra2+ 46. Kd1 Rd4+ 47. Kc1 Rb4 48. Bd3 Ra1+ 49. Kc2 Rxg1 50. Kc3 Rf4 51. Bxf5 Rg3+ 52. Kd2 Rxf5 53. Rd7 Rf2+ 54. Ke1 Ra2 0-1


[Site "https://www.chess.com"]

[Event "Titled Tuesday Blitz March 21 Early 2023"]
[White "wqws"]
[Black "Guzman Moneo, Alberto"]
[BlackFideId "2209616"]
[WhiteElo "2628"]
[BlackElo "2157"]
[Result "1/2-1/2"]
[Round "03"]
[TimeControl "180+2"]
[Date "2023.03.21"]
[WhiteClock "0:00:30"]
[BlackClock "0:00:21"]

1. e4 c5 2. Nf3 Nc6 3. d4 cxd4 4. Nxd4 g6 5. c4 Nf6 6. Be3 Nxe4 7. Bd3 Nf6 8. O-O Bg7 9. Nc3 O-O 10. Be2 d6 11. Rc1 Bd7 12. h3 Rc8 13. Bf3 a6 14. b3 Nxd4 15. Bxd4 Bc6 16. Re1 Qd7 17. Bxf6 Bxf6 18. Bg4 e6 19. Nd5 Bd8 20. Nf4 f5 21. Bf3 Re8 22. Rc2 Bg5 23. Nd3 Bf6 24. Bxc6 Qxc6 25. Rce2 Kf7 26. Qc1 Bg7 27. Nf4 Bh6 28. Qd2 b5 29. g3 bxc4 30. bxc4 Qxc4 31. Qxd6 Bxf4 32. gxf4 Re7 33. Qe5 Qc5 34. Qb2 Qc3 35. Qb6 Rc6 36. Qe3 Qxe3 37. fxe3 e5 38. Kf2 Rc4 39. fxe5 Rxe5 40. Rd1 f4 41. Rd7+ Ke6 42. Rxh7 fxe3+ 43. Rxe3 Rc2+ 44. Kf3 Rxe3+ 45. Kxe3 Rxa2 46. h4 Kf5 47. Rf7+ Kg4 48. Rf4+ Kh5 49. Rc4 a5 50. Kf3 a4 51. Kg3 Ra3+ 52. Kg2 Ra1 53. Rb4 a3 54. Ra4 a2 55. Kh2 Kh6 56. Kg2 Kg7 57. Kh2 Kf6 58. Kg2 Ke6 59. Kh2 Kd5 60. Kg2 Kc5 61. Kh2 Kb5 62. Ra8 Kb4 63. Rb8+ Kc3 64. Rc8+ Kd4 65. Ra8 Ke5 66. Ra4 Kf5 67. Kg2 Kf6 68. Ra5 Kg7 69. h5 gxh5 70. Ra8 h4 71. Ra6 Kh7 72. Kh2 Kg7 73. Ra4 Kg6 74. Ra5 Kf6 75. Ra6+ Kg5 76. Ra5+ Kf4 77. Ra4+ Ke3 78. Ra3+ Kd2 79. Ra8 Ke3 80. Re8+ Kf4 81. Rf8+ Kg4 82. Rg8+ Kf5 83. Ra8 h3 84. Ra4 Ke5 85. Ra8 Ke4 86. Re8+ Kd5 87. Rd8+ Kc6 88. Ra8 Kb7 89. Ra3 Kb6 90. Ra8 Kb7 91. Ra3 Kc6 92. Ra6+ Kc5 93. Ra3 Kb4 94. Ra8 Kb3 95. Rb8+ Ka3 96. Ra8+ Kb2 97. Rb8+ Kc2 98. Ra8 Kb3 99. Rb8+ Ka4 100. Ra8+ Kb5 101. Rb8+ Ka6 102. Ra8+ Kb7 1/2-1/2


[Site "https://www.chess.com"]

[Event "Titled Tuesday Blitz March 21 Early 2023"]
[White "Lopez Del Alamo, Antonio"]
[Black "Budrewicz, Krzysztof"]
[WhiteFideId "2227339"]
[BlackFideId "1127950"]
[WhiteElo "2175"]
[BlackElo "2230"]
[Result "0-1"]
[Round "03"]
[TimeControl "180+2"]
[Date "2023.03.21"]
[WhiteClock "0:00:01"]
[BlackClock "0:00:15"]

1. e4 e5 2. Bc4 Nc6 3. Nc3 Nf6 4. d3 Bc5 5. f4 d6 6. Nf3 Bg4 7. Bb5 O-O 8. Bxc6 bxc6 9. fxe5 dxe5 10. Qe2 Bd4 11. Nd1 Nd7 12. Ne3 Bh5 13. O-O f5 14. exf5 Rxf5 15. Kh1 Rf8 16. Bd2 Bxb2 17. Rae1 Bd4 18. Nc4 Qf6 19. Qe4 Bg6 20. Qe2 Bh5 21. Qe4 Nc5 22. Qh4 Bxf3 23. Qxf6 gxf6 24. Rxf3 Na4 25. Bh6 Rf7 26. Ref1 e4 27. dxe4 Re8 28. Rf4 Nc5 29. Rg4+ Kh8 30. e5 Bxe5 31. Nxe5 Rxe5 32. Rb4 Re8 33. g4 Nd7 34. g5 f5 35. Rbf4 Re5 36. h4 Nc5 37. Rd4 Ne6 38. Rb4 Rd7 39. Rb8+ Rd8 40. Rxd8+ Nxd8 41. Rd1 Rd5 42. Re1 Kg8 43. c4 Rd7 44. h5 Rd4 45. Kg2 Kf7 46. Kg3 Ne6 47. g6+ hxg6 48. hxg6+ Kf6 49. g7 Rg4+ 50. Kf3 Nxg7 0-1


[Site "https://www.chess.com"]